 Dungeon Crawl Stone Soup version 0.30-a0-824-g6c64550be9 (webtiles) character file.

Game seed: 13587836396569842571

60 qeuew the Trooper (level 3, -2/29 HPs)
             Began as a Demonspawn Monk on Feb 27, 2023.
             Slain by Ijyb
             ... wielding a +8 club
              (7 damage)
             ... on level 3 of the Dungeon.
             The game lasted 00:01:51 (1319 turns).

qeuew the Trooper (Demonspawn Monk)                 Turns: 1319, Time: 00:01:51

Health: -2/29      AC:  3    Str: 11    XL:     3   Next: 82%
Magic:  3/3        EV: 13    Int: 11    God:
Gold:   1165       SH:  0    Dex: 15    Spells: 2/2 levels left

rFire   . . .      SeeInvis .    a - +0 falchion
rCold   . . .      Faith    .    (no shield)
rNeg    . . .      Spirit   .    b - +1 robe
rPois   .          Reflect  .    (no helmet)
rElec   .          Harm     .    (no cloak)
rCorr   .          Rampage  .    (no gloves)
Will    .....                    (no boots)
Stlth   +                        (no amulet)
HPRegen 0.24/turn                (no ring)
MPRegen 0.08/turn                (no ring)

@: confused, ambrosia-drunk, on berserk cooldown
A: powered by pain 1, clumsy 1
a: no special abilities


You were on level 3 of the Dungeon.
You visited 1 branch of the dungeon, and saw 3 of its levels.

You collected 1165 gold pieces.

Inventory:

Hand Weapons
 a - a +0 falchion (weapon)
Armour
 b - a +1 robe (worn)
Wands
 d - a wand of iceblast (2)
Scrolls
 h - a scroll of acquirement
Potions
 c - 2 potions of ambrosia
 e - a potion of resistance
 g - a potion of lignification


   Skills:
 + Level 3.3 Fighting
 * Level 3.3 Long Blades
 + Level 1.4 Armour
 + Level 3.0 Dodging
 - Level 1.7 Stealth
 + Level 0.5 Evocations


You had 2 spell levels left.
You didn't know any spells.
Your spell library contained the following spells:

 Spells                   Type           Power      Damage    Failure   Level
 Ozocubu's Armour         Ice            0%         N/A       71%         3
 Metabolic Englaciation   Hex/Ice        0%         N/A       100%        5
 Simulacrum               Ice/Necr       0%         N/A       100%        6


Dungeon Overview and Level Annotations

Branches:
Dungeon (3/15)

Altars:

Shops:
D:1 (

Annotations:
D:3 Ijyb


Innate Abilities, Weirdness & Mutations

You sometimes gain a little power by taking damage.
You are clumsy. (Dex -2)


Message History

Ijyb is nearby!
Ijyb zaps a wand.
The mass of ice explodes!
The iceblast engulfs you! Ijyb barely misses you.
You hit Ijyb.
Ijyb is moderately wounded.
Ijyb closely misses you.
You hit Ijyb.
Ijyb is moderately wounded.
You feel yourself speed up. Ijyb barely misses you.
Ijyb hits you with a +8 club.
You closely miss Ijyb.
Ijyb is moderately wounded.
Ijyb closely misses you.
You closely miss Ijyb.
Ijyb is moderately wounded.
Ijyb hits you with a +8 club!
You are too injured to fight recklessly!
You are too injured to fight recklessly!
You are too injured to fight recklessly!
You are too injured to fight recklessly!
You are too injured to fight recklessly!
You are too injured to fight recklessly!
You are too injured to fight recklessly!
You are too injured to fight recklessly!
You closely miss Ijyb.
Ijyb is moderately wounded.
Ijyb hits you with a +8 club.
* * * LOW HITPOINT WARNING * * *
You are confused.
You feel invigorated. Ijyb barely misses you.
You're too confused to move!
Ijyb closely misses you.
You hit Ijyb.
Ijyb is heavily wounded.
Ijyb closely misses you. Ijyb hits you with a +8 club!
You bump into the rock wall.
Ijyb hits you with a +8 club!
* * * LOW HITPOINT WARNING * * *
You closely miss Ijyb.
Ijyb is heavily wounded.
Ijyb hits you with a +8 club!
You die...

######### .# ........#
.# ........# .#
........#### .#
........<..# .#
........##.####.######
.............=........
........##.###...####
........##.##.@...#
........##.###g..##
###........# ##.##
#.######## .# #. .# .
+#


You could see Ijyb.

Vanquished Creatures
  2 adders (D:2)
  A worm (D:2)
  A dart slug (D:1)
  3 ball pythons
  5 bats
  An endoplasm (D:2)
  A giant cockroach (D:2)
  6 goblins
  3 hobgoblins
  3 jackals (D:1)
  3 kobolds
  2 frilled lizards (D:2)
  5 rats (D:1)
36 creatures vanquished.

Notes
Turn   | Place    | Note
-------+----------+-------------------------------------------
     0 | D:1      | qeuew the Demonspawn Monk began the quest for the Orb.
     0 | D:1      | Reached XP level 1. HP: 18/18 MP: 1/1
    75 | D:1      | Found Sicw's Weapon Boutique.
   148 | D:1      | Gained mutation: You sometimes gain a little power by
                  | taking damage. [demonic ancestry]
   148 | D:1      | Reached XP level 2. HP: 24/24 MP: 2/2
   296 | D:1      | Reached skill level 1 in Armour
   301 | D:1      | Found a faded altar of an unknown god.
   494 | D:1      | Gained mutation: You are vulnerable to heat. (rF-) [potion
                  | of mutation]
   494 | D:1      | Gained mutation: You are clumsy. (Dex -2) [potion of
                  | mutation]
   494 | D:1      | Lost mutation: You are vulnerable to heat. (rF-) [potion of
                  | mutation]
   715 | D:2      | Reached XP level 3. HP: 29/29 MP: 3/3
  1275 | D:2      | Identified 2 scrolls of acquirement
  1275 | D:2      | Acquired 1100 gold pieces
  1307 | D:3      | Noticed Ijyb
  1318 | D:3      | HP: 1/29 [Ijyb/+8 club (12)]
  1319 | D:3      | Slain by Ijyb

Illustrated notes

Levels and vault maps discovered:
D:1:      reono_arrival_forest_river, layout_rooms,
          shapermc_ecumenical_altar_acropolis, serial_shops,
          nicolae_shop_bloodbath_and_beyond, minmay_misc_feat_doors
D:2:      layout_loops_cross, kennysheep_flooded_box
D:3:      layout_loops_corners, ebering_ghost_rock_garden, uniq_sigmund,
          uniq_ijyb, uniq_jessica

Skill      XL: |  1  2  3 |
---------------+----------+-----
Long Blades    | 3 |  3.3
Armour         | 1 |  1.4
Dodging        | 3 |  3.0
Fighting       | |  3.3
Stealth        | |  1.7
Evocations     | |  0.5

Action                     || total
---------------------------++-------
  Melee: Falchion          ||    90
    Use: Scroll            ||     7
         Potion            ||     5
   Stab: Sleeping          ||     5
 Armour: Robe              ||    15
  Dodge: Dodged            ||    67

Table legend: (Time is in decaauts)
 A = Elapsed time spent in this place.
 B = Non-inter-level travel time spent in this place.
 C = Inter-level travel time spent in this place.
 D = Time resting spent in this place.
 E = Time spent auto-exploring this place.
 F = Levels seen in this place.
 G = Mean time per level.
                   A        B        C        D        E       F      G
               +--------+--------+--------+--------+--------+-----+--------+
         Total |   1354 |   1315 |     39 |    100 |    944 |   3 |  451.3 |
       Dungeon |   1354 |   1315 |     39 |    100 |    944 |   3 |  451.3 |
               +--------+--------+--------+--------+--------+-----+--------+

Top non-repeatable levels by time:
     D:2: 702 daAuts
     D:1: 624 daAuts
     D:3: 27 daAuts
